[Event "44th Chess Olympiad Women 2022"]
[Site "Chennai"]
[Date "2022.08.03"]
[Round "6.28"]
[White "Onur, Cigdem"]
[Black "Paulo, Jemima"]
[Result "0-1"]
[WhiteElo "2000"]
[BlackElo "1850"]
[Annotator "NA RC"]
[PlyCount "86"]
[EventDate "2022.??.??"]
[TimeControl "60"]

1. d4 Nf6 2. c4 g6 3. Nc3 Bg7 4. e4 d6 5. f3 O-O 6. Be3 e5 7. Nge2 Nbd7 8.
Qd2 Re8 9. Bh6 exd4 10. Nxd4 Nxe4 11. fxe4 Bxd4 12. Qxd4 Qh4+ 13. g3 Qxh6 14. Bg2 c6 15. O-O Ne5 16. Rf4 Be6 17. c5 Qg7 18. Rd1 dxc5 19. Qxc5 Nc4 20. Bf1 b6 21. Qxc6 Rec8 22. Qb5 Nxb2 23. Qxb2 Rxc3 24. Rf2 Qe5 25. Bg2 Rac8 26. Rfd2 Qc5+ 27. Kh1 Qa3 28. Qa1 Kf8 29. h4 Ke7 30. Kh2 R8c5 31. e5 Rxe5 32. Rd8 Re2 33. R1d2 Rxd2 34. Rxd2 Qc1 35. Qxc1 Rxc1 36. Bh3 f5 37. Bg2 Ra1 38. Rc2 Rxa2 39. Rc7+ Kd6 40. Rc6+ Ke5 41. Kg1 Rxg2+ 42. Kxg2 Bd5+ 43. Kf2 Bxc6 0-1

[Event "44th Chess Olympiad Women 2022"]
[Site "Chennai"]
[Date "2022.08.03"]
[Round "6.28"]
[White "Pires, Luzia"]
[Black "Okuyaz, Duru"]
[Result "0-1"]
[WhiteElo "1842"]
[BlackElo "2090"]
[Annotator "NA RC"]
[PlyCount "138"]
[EventDate "2022.??.??"]
[TimeControl "60"]

1. d4 d5 2. Nf3 Nf6 3. e3 Bf5 4. Bd3 Bxd3 5. Qxd3 Nbd7 6.
Nbd2 e6 7. O-O Be7 8. b3 O-O 9. Bb2 c5 10. c4 cxd4 11. exd4 dxc4 12. bxc4 Rc8 13. Rac1 Qa5 14. Qb3 Rc7 15. Rfe1 Rfc8 16. Bc3 Qa6 17. h3 Bd6 18. Bb2 Bf4 19. Rc2 Nb6 20. Rec1 Qa5 21. Qd3 Qh5 22. Re1 Nfd5 23. Ba3 Bxd2 24. Nxd2 Nf4 25. Qe4 Ng6 26. Bd6 Rc6 27. Bc5 Nd7 28. Ba3 Nf6 29. Qe2 Qf5 30. Rec1 Nd5 31. Qe4 Qxe4 32. Nxe4 Ndf4 33. Kf1 Rd8 34. Rd2 f5 35. Ng5 Ne5 36. c5 h6 37. Nf3 Nxf3 38. gxf3 Nxh3 39. Ke2 Nf4+ 40. Ke3 Nd5+ 41. Ke2 Ra6 42. c6 Rxa3 43. cxb7 Rc3 44. Rxc3 Nxc3+ 45. Kd3 Nd5 46. a4 Rb8 47. Rb2 Nb6 48. a5 Rxb7 49. axb6 Rxb6 50. Ra2 a6 51. Kc4 Rc6+ 52. Kd3 g5 53. Ra1 Kg7 54. Kd2 Kg6 55. Ke3 h5 56. Ra3 h4 57. Ra1 Rd6 58.
Ra4 h3 59. Ra1 Kh5 60. Ke2 Rxd4 61. Rxa6 h2 62. Ra1 Kh4 63. Ke3 Rf4 64. Ra8 Rxf3+ 65. Ke2 Rh3 66. Rh8+ Kg4 67. f3+ Kg3 68. Rg8 h1=Q 69. Rxg5+ Kf4 0-1

[Event "44th Chess Olympiad Women 2022"]
[Site "Chennai"]
[Date "2022.08.03"]
[Round "6.29"]
[White "Caku, Kler"]
[Black "Sibajeva, Marija"]
[Result "0-1"]
[WhiteElo "1626"]
[BlackElo "2032"]
[Annotator "NA RC"]
[PlyCount "80"]
[EventDate "2022.??.??"]
[TimeControl "60"]

1. e4 d5 2. exd5 Qxd5 3. Nc3 Qa5 4. d4 Nf6 5. Nf3 Bf5 6. Bc4 e6 7. Bd2 Bb4 8. Nh4 Bg6 9. Nxg6 hxg6 10. Qe2 Qh5 11. d5 Qxe2+ 12. Kxe2 Bxc3 13. Bxc3 exd5 14. Bxf6 gxf6 15. Bxd5 c6 16. Bc4 Nd7 17. Rad1 Rd8 18. f4 Kf8 19. Rd2 Kg7 20. Bb3 f5 21. Rhd1 Rde8+ 22. Kf3 Nf6 23. h3 Rh4 24. Rd4 Nh5 25. a4 Re7 26. c3 b6 27. Rh1 c5 28. Rc4 Nf6 29. Bc2 Rh8 30. Rd1 Rhe8 31. Rd2 Nd5 32. Rxd5 Re3+ 33. Kf2 Re2+ 34. Kg3 Rxc2 35. b4 cxb4 36. Rxb4 Ree2 37. Rc4 Rxg2+ 38. Kh4 Rc1 39. Rd7 Rh1 40. Rcc7 Rg4# 0-1

[Event "44th Chess Olympiad Women 2022"]
[Site "Chennai"]
[Date "2022.08.03"]
[Round "6.29"]
[White "Shabanaj, Eglantina"]
[Black "Martynkova, Olena"]
[Result "1/2-1/2"]
[WhiteElo "1940"]
[BlackElo "2213"]
[Annotator "NA RC"]
[PlyCount "92"]
[EventDate "2022.??.??"]
[TimeControl "60"]

1. Nf3 Nf6 2. g3 g6 3. Bg2 Bg7 4. d4 O-O 5. b3 d6 6. Bb2 e5 7. dxe5 Ng4 8. Nbd2 Nc6 9. O-O Ngxe5 10. Nxe5 Nxe5 11. Rb1 d5 12. e3 Bg4 13. f3 Be6 14. Qe2 Re8 15. Rfd1 c6 16. Nf1 Qe7 17. h3 f5 18. f4 Nd7 19. c4 dxc4 20. Bxg7 Kxg7 21. bxc4 Nc5 22. Rd4 Bf7 23. Rbd1 Qf6 24. g4 Rad8 25. g5 Qe7 26. Qb2 Kg8 27. h4 Rxd4 28. Rxd4 Na4 29. Qd2 Nb6 30. Kf2 Nxc4 31. Qd3 Qa3 32. Qxa3 Nxa3 33. Rd7 Rb8 34. e4 fxe4 35. Bxe4 Nb5 36. Ne3 Nc3 37. Bf3 Be6 38. Re7 Bf5 39. Bg4 Ne4+ 40. Kf3 Nd6 41. h5 Rf8 42. Bxf5 Nxf5 43. Nxf5 Rxf5 44. h6 Rf7 45. Re8+ Rf8 46. Re7 Rf7 1/2-1/2

[Event "44th Chess Olympiad Women 2022"]
[Site "Chennai"]
[Date "2022.08.03"]
[Round "6.29"]
[White "Simkunaite, Gabija"]
[Black "Gjergji, Rozana"]
[Result "1-0"]
[WhiteElo "2010"]
[BlackElo "1920"]
[Annotator "NA RC"]
[PlyCount "93"]
[EventDate "2022.??.??"]
[TimeControl "60"]

1. e4 d5 2. exd5 Qxd5 3. Nc3 Qa5 4. Bc4 Nf6 5. d3 c6 6. Bd2 Qd8 7. Nf3 Bf5 8. h3 h5 9. Qe2 Nbd7 10. Ne4 Bxe4 11. dxe4 e6 12. O-O Qc7 13. e5 Nd5 14. Rac1 Be7 15. Bxd5 exd5 16. e6 fxe6 17. Qxe6 Qd6 18. Qxd6 Bxd6 19. Rfe1+ Kf8 20. c4 Nf6 21. Re6 Rd8 22. Rxd6 Rxd6 23. Bb4 Ke7 24. cxd5 Rc8 25. Re1+ Kd7 26. dxc6+ bxc6 27. Bxd6 Kxd6 28. Nd4 Rc7 29. Nf5+ Kd5 30. f4 c5 31. Re5+ Kc4 32. Re3 Rd7 33. Ra3 Nd5 34. g3 g6 35. Nh4 Rb7 36. Ra4+ Kd3 37. b3 Re7 38. Ng2 Kd2 39. g4 h4 40. Ra6 Ne3 41. Nxh4 Rh7 42. Kf2 Rxh4 43. Rd6+ Kc3 44. Kxe3 Rxh3+ 45. Ke4 Rh2 46. Ra6 Re2+ 47. Kf3 1-0

[Event "44th Chess Olympiad Women 2022"]
[Site "Chennai"]
[Date "2022.08.03"]
[Round "6.29"]
[White "Zaksaite, Salomeja"]
[Black "Shuqja, Klean"]
[Result "1/2-1/2"]
[WhiteElo "2212"]
[BlackElo "1883"]
[Annotator "TA"]
[PlyCount "115"]
[EventDate "2022.??.??"]
[TimeControl "60"]

1. e4 d5 2. exd5 Qxd5 3. Nc3 Qd8 4. d4 Nf6 5. Nf3 Bg4 6. h3 Bxf3 {[%emt 0:00:03] B01: Scandinavian Defence.} 7. Qxf3 c6 8. Be3 {[%emt 0:00:08] White is more
active.} e6 {[%emt 0:00:07] White is slightly better.} 9. O-O-O Bb4 {[%emt 0:00:34] The main line 9...Bb4 scores better than 9...Nbd7.} 10.
Ne4 Nxe4 11. Qxe4 {[%emt 0:00:04][%cal Yd4d5]
Strongly threatening d5!} Qd5 12. Qxd5 cxd5 13. h4 h5 {[%emt 0:04:17] [#]} 14. Be2 $146 ({Predecessor:} 14. Kb1 Nd7 15. Bd3 Nf6 16. f3 O-O-O 17. c3 Be7
18. b3 Kb8 19. Rhe1 Ne8 20. Bf2 {1-0 (57) Asadli,V (2454)-Wong,J (2185)
Budapest 2019}) 14... Nd7 15. f3 Be7 16. Kb1 Rc8 17. Rd3 f6 (17... Nb6 $11 {remains equal.}) 18. Rb3 $16 Rc7 ({Better is} 18... b6) 19. Bf2 ({White has to play} 19. Bf4 $1 $16 e5 20. Bg3) 19...
Bd6 $11 20. Re1 Kf7 21. Bf1 Rhc8 22. Re2 Nb6 23. Rbe3 Nc4 24. Rxe6 {[%emt 0:03:25] [#]} Nd2+ $1 {[%emt 0:00:47] Discovered Attack} 25.
Rxd2 Kxe6 26. g3 Kf7 27. f4 {[%emt 0:00:20] Inhibits g5.} g5 28.
fxg5 fxg5 {[%emt 0:00:16] Hoping for ... Rf8.} 29. Bg2 Re8 30. Bxd5+ Kf6 (30... Kg6 $5 31. c4 Bb4 $11) 31. c4 Rce7 32. c5 Re2 33. Kc2 {
[%emt 0:16:42] [#]} (33. hxg5+ $11 Kg6 34. Rc2 Rxc2 35. Kxc2 Re2+ 36. Kd3 Rxf2
37. cxd6 Kxg5 38. d7 (38. Bxb7 Kf6 $11)) 33... Rxd2+ ({
Black should play} 33... Bxc5 $1 $17 {Threatens to win with ...Bb4.} 34. hxg5+
(34. dxc5 Rxd2+ 35. Kxd2 Rd8 $17) 34... Kxg5) 34. Kxd2 $15 {[%emt 0:00:00] [#]}
Bxc5 $1 {[%emt 0:01:46][%cal Ye8d8] aiming for ...Rd8!} 35. hxg5+ (35. dxc5 Rd8 36. Bd4+ Ke7 $17) (35. Bxb7 Bb4+) 35... Kxg5 36. Bxb7 $17 {[%emt 0:00:26] Endgame KRB-KB} ({Not} 36. dxc5 $2
Rd8 37. Bd4 (37. Be3+ $2 Kg4 $19) 37... Rxd5 $19) 36... Bd6 (
36... Bb4+ $15 37. Kd3 Kg4) 37. Bf3 $11 {[%emt 0:00:00] The position is equal.}
Bb4+ 38. Kd3 Be1 39. Be3+ Kg6 40. Bf4 Kf5 41. Bxh5 {[%emt 0:36:26] This bishop pair is nice.} Rh8 42. Be2 Bxg3 43. Bd2 Bf4 44. Bc3 Rh3+ 45. Kc4 Ke4 46. a4 Bc7 47. Bg4 Rh6 48. Bd7 Rd6 49. Bb5 a6 50. Be8 Re6 ({Don't do} 50... Bb6 51. d5 $16) 51. Bd7 Rd6 52. Bc8 Rc6+ 53. Kb3 {[%emt 0:00:00] Black must now prevent Bb7.} Rb6+ 54. Kc2 a5 55. Bd7 Rd6 56. Bh3 Rxd4 57.
Bg2+ Ke3 58. Bxd4+ {[%emt 0:00:00] Weighted
Error Value: White=0.13 (very precise) /Black=0.10 (very precise)} 1/2-1/2

[Event "44th Chess Olympiad Women 2022"]
[Site "Chennai"]
[Date "2022.08.03"]
[Round "6.30"]
[White "Manova, Ivana"]
[Black "Paasikangas, Johanna"]
[Result "1-0"]
[WhiteElo "1849"]
[BlackElo "2155"]
[Annotator "TA"]
[PlyCount "79"]
[EventDate "2022.??.??"]
[TimeControl "60"]

1.
e4 c5 2. Nf3 Nc6 3. Bb5 g6 4. O-O Bg7 5. Re1 e5 6. d3 Nge7 7. Be3 {[%emt 0:04:16] B31: Sicilian: 2...Nc6 3 Bb5
g6.} Nd4 {[%emt 0:04:44] [#]} 8. Bxd4 $146 (8. Bc4 $14) ({
Predecessor:} 8. Bc4 O-O 9. c3 Nxf3+ 10. Qxf3 d6 11. Nd2 Bd7 12. a4 Kh8 13. Qg3
Qc7 14. Nf3 f6 {½-½ (43) Hegemann,E (2123)-Funke,R (2236) Germany 2008}) 8...
cxd4 9. c3 {[%emt 0:01:12] The position is equal.} dxc3 10. Nxc3 O-O 11. d4 exd4 12. Nxd4 Qb6 13. e5 a6 14. Na4 (14. Bc4
$11) 14... Qa5 $15 15. b4 Qd8 16. Bf1 b5 17. Nc5 d6 18. exd6 Qxd6 19. Nf3 {
[%emt 0:00:26] Pair of Knights!} Qc7 20. Rc1 Qa7 21. Qd6 Nf5 22. Qc6 ({Better is} 22. Qd5 $1 $14) 22... Nd4 23. Nxd4 Bxd4 24. Qd6 Bxc5 25. Rxc5 {[%emt 0:00:08] [#] Threatens to win with Re7.}
Qd7 26. Qf6 Qg4 (26... Qd8
$11 27. Qa1 Bf5) 27. Re7 {[%emt 0:04:02] White is much more active. The black
rooks are badly placed.} (27. h4 $142 Bf5 28. h5) 27... Be6 $16 28. Rg5 (28. h4 $1 $14 h6 29. a3) 28... Qe4 $2 (28... Qxb4 $11 {and Black has nothing to worry.} 29. Rxe6 fxe6 30. Rxg6+
hxg6 31. Qxg6+ Kh8 32. Qh6+ Kg8 33. Qg6+ Kh8 34. Qh6+ Kg8 35. Qg6+) 29. Re5 Qxb4 30. R5xe6 Rac8 31. Re1 a5 32. g3 Qa4 33. Qb2 (33.
Bh3 $142 {[%cal Yh3e6] Threatening mate with Be6!} Rc6 34. Qxc6) 33... b4 34. Qb3 Qc6 35. Bg2 {[%emt 0:
00:33][%cal Yf1g2,Yg2d5,Yd5f7] White is clearly winning.} Qc5 36. Bd5 Rc7 {[%emt 0:00:15] [#]} 37. Bxf7+ $1 Kg7 (37... Kh8 38. Qb2+) 38. Rxc7 Qxc7 39. Bd5 Qc5 40. Qb2+ {
[%emt 0:00:25] Weighted Error Value: White=0.47/Black=0.50} 1-0

[Event "44th Chess Olympiad Women 2022"]
[Site "Chennai"]
[Date "2022.08.03"]
[Round "6.30"]
[White "Nazarova, Anastasia"]
[Black "Stojkovska, Monika"]
[Result "1/2-1/2"]
[WhiteElo "2208"]
[BlackElo "2091"]
[Annotator "TA"]
[PlyCount "91"]
[EventDate "2022.??.??"]
[TimeControl "60"]

1. e4 e6 2. d4 d5 3. Nd2 c5 4. exd5 Qxd5 5. Ngf3 cxd4 6. Bc4 Qd7 {[%emt 0:00:06] C07: French Tarrasch: 3...c5, 4 Ngf3 and 4 exd5
Qxd5.} 7. O-O Nc6 8. Nb3 a6 9. Nbxd4 Nxd4 10. Nxd4 Qc7 {[%emt 0:00:34] Inhibits Bf4.} 11. Bb3 Bd6 12. h3 Ne7 13. c3 O-O 14. Qh5 Ng6 15. Bc2 {[%emt 0:07:26] [#]} Qc5 $146 (15...
b5 $11) ({Predecessor:} 15... b5 16. Be3 Bb7 17. Rad1 Bh2+ 18. Kh1 Bf4 19. Bxf4
Qxf4 20. Ne2 Qc7 21. Rd4 Qe7 {0-1 (57) Garcia Escoda,M (2107)-Castellanos
Gomez,A (2287) Linares 2021}) 16. Qxc5 $14 Bxc5 17. Nb3 Bb6 18.
a4 Bd7 19. Be4 Bc6 20. Bxc6 bxc6 21. Re1 Rab8 22. Nd2 Nf4 23. Nc4 Nd3 24. Re2 Rfd8 25. Bg5 f6 26. Bh4 Kf7 27.
Bg3 {[%emt 0:00:29] Prevents Bc7.} e5 28. Kf1 Bc7 (28... Rd5 {with more complications.} 29. f3 g5 30. Rd2
Nf4) 29. f3 Nc5 30. Bf2 Nb3 31. Rae1 Na5 32. Nxa5 Bxa5 33. b4 Bc7 34. Re4 Rd6 35. Rc4 Bb6 36. Bxb6 Rxb6 {[%emt 0:00:00] Endgame KRR-KRR
} 37. Ke2 Ke6 38. Rd1 Rb8 39. Rc5 Rxd1 40. Kxd1 $11 {
[%emt 0:00:04] KR-KR} Kd6 41. Ra5 Ra8 42. g4 Kc7 43. g5 Kb6 44. Ke2 Rd8 45.
gxf6 gxf6 46. Rc5 {[%emt 0:00:00] Weighted
Error Value: White=0.06 (flawless) /Black=0.08 (flawless)} 1/2-1/2

[Event "44th Chess Olympiad Women 2022"]
[Site "Chennai"]
[Date "2022.08.03"]
[Round "6.30"]
[White "Tuominen, Tanja"]
[Black "Eftovska, Lea"]
[Result "0-1"]
[WhiteElo "2080"]
[BlackElo "1634"]
[Annotator "NA RC"]
[PlyCount "92"]
[EventDate "2022.??.??"]
[TimeControl "60"]

1. e4 e5 2. Nf3 Nc6 3. Nc3 Nf6 4. g3 d5 5. exd5 Nxd5 6. Bg2 Nxc3 7. bxc3 Bc5 8. O-O O-O 9. d3 Bb6 10. h3 Be6 11. Qe2 f6 12. a4 Qd7 13.
Ba3 Rfe8 14. Kh2 Rab8 15. Nd2 Bd5 16. f3 a6 17. Nb3 Qf7 18.
c4 Be6 19. Nc5 Bxc5 20. Bxc5 b6 21. Be3 Nd4 22. Qf2 Nf5 23.
Bd2 Nd4 24. Bc3 c5 25. Rfb1 Qc7 26. Rb2 Bd7 27. Bd2 Bc6 28. c3 Ne6 29. Be3 Red8 30. Bf1 f5 31. f4 exf4 32. gxf4 a5 33. d4 cxd4 34. cxd4 Ng5 35. d5 Ne4 36. Qg1 Be8 37. Bd3 Qe7 38. Rxb6 Rxb6 39. Bxb6 Rd6 40. Bxe4 Qxe4 41. Qe3 Qc2+ 42. Kh1 Bh5 43. c5 Bf7 44. Rf1 Bxd5+ 45. Rf3 Bxf3+ 46. Qxf3 Rd1+ 0-1

[Event "44th Chess Olympiad Women 2022"]
[Site "Chennai"]
[Date "2022.08.03"]
[Round "6.30"]
[White "Zhezhovska, Monika"]
[Black "Puuska, Heini"]
[Result "1-0"]
[WhiteElo "1588"]
[BlackElo "2010"]
[Annotator "NA RC"]
[PlyCount "101"]
[EventDate "2022.??.??"]
[TimeControl "60"]

1. d4 d5 2. c4 e6 3. Nc3 a6 4. cxd5 exd5 5. Nf3 c6 6. Qc2 Bd6 7. Bg5 Ne7 8. e3 f6 9. Bh4 Bf5 10. Bd3 Bxd3 11. Qxd3 Nd7 12. O-O O-O 13. Rfc1 Nb6 14. Bg3 Ng6 15. Rab1 Qe7 16. Nd2 f5 17. Re1 Rf6 18. Bxd6 Qxd6 19. b4 Qe6 20. a4 Nc4 21. b5 Nxd2 22. Qxd2 axb5 23. axb5 Nh4 24. Kh1 Rg6 25. Rg1 h6 26. Ne2 Rxg2 27. Rxg2 Nxg2 28. Ng3 Nh4 29. bxc6 Qxc6 30. Rc1 Qg6 31. Qe2 f4 32. exf4 Ra3 33. Qh5 Rxg3 34. Qxd5+ Kh7 35. fxg3 Nf5 36. Re1 Qg4 37. Qe4 h5 38. Rg1 b5 39. d5 Kh6 40. Qe6+ Kh7 41. Qe4 Kh6 42. Ra1 h4 43. gxh4 Qh3 44. Rg1 b4 45. Qg2 Qxg2+ 46. Rxg2 Ne3 47. Rd2 b3 48. d6 Nc4 49. d7 Nxd2 50. d8=Q b2 51. Qb6+ 1-0

[Event "44th Chess Olympiad Women 2022"]
[Site "Chennai"]
[Date "2022.08.03"]
[Round "6.31"]
[White "Cooke, Suzie G."]
[Black "Omonova, Umida"]
[Result "0-1"]
[WhiteElo "1936"]
[BlackElo "2195"]
[Annotator "TA"]
[PlyCount "118"]
[EventDate "2022.??.??"]
[TimeControl "60"]

1. d4 d5 2. Bf4 Nf6 3. e3 c5 4. Nf3 Nc6 5. Nbd2 Bf5 6. c3 e6 $1 {
[%emt 0:04:32] The main line 6...e6 scores better than 6...Qb6.} 7. Qb3 {
[%emt 0:02:02] D00:1 d4 d5: Unusual lines.} Qc8 8. Ne5 Nxe5 9. Bxe5 {[%emt 0:01:53] The position is
equal.} c4 10. Qd1 Be7 11.
Be2 Nd7 12. Bg3 {[%emt 0:10:11] [#]} (12. g4
$5 Nxe5 13. gxf5 $11) 12... b5 $146 ({
Predecessor:} 12... O-O 13. O-O b5 14. Bf3 Nf6 15. Re1 Qc6 16. Bh4 Bg6 17. e4
Rfe8 18. exd5 Nxd5 19. Bxe7 Rxe7 {½-½ (105) Ivanov,O (2458)-Labussiere,V 
(2332) Chess.com INT 2021}) 13. a3 O-O 14.
O-O a5 15. Re1 Qc6 16. Bf3 Nf6 17. Bh4 Rfe8 18. Bxf6 Bxf6 19. e4 Bg6 20. exd5 exd5 21. Nf1 Bg5 22. g3 Rxe1 23. Qxe1 Re8 {[%emt 0:00:10] Against Qe5
} 24. Qd1 (24. Ne3 Bxe3 25. fxe3 Be4 $15) 24... Bd3 25. b4 a4 26. h4 (
26. Bg2 $15) 26... Bh6 $17 27. Nh2 f5 {[%emt 0:01:16] Inhibits Ng4.} 28. Bg2 Re2 $1 29. Nf3 {[%emt 0:04:04] Hoping for Ne5.} Qe6 {[%emt 0:01:12]
[%cal Ye2f2] Threatens to win with ...Rxf2! Black is much more active.} 30. Ne5 Bd2 31. Bf1 $2 {[%emt 0:00:00] [#]} (31. Bf3
$17 Bxc3 32. Bxe2 Bxe2 33. Qxe2 Bxa1 34. Qe3) 31... Bxc3 $1 32. Nxd3 $11 Rd2 (32... cxd3 33. Qxd3 Bxa1
34. Bxe2 $14 (34. Qxe2 Qxe2 35. Bxe2 Bb2 $11)) 33. Qc1 Rxd3 34. Ra2 $36 {[%emt 0:00:02] White fights for an advantage.}
Bxd4 35. Bxd3 $14 cxd3 $11 {[%emt 0:00:01]
Endgame KQR-KQB} 36. Rd2 Bb6 $2 (36... Qe4 $1
$14) 37. Qd1 ({Less strong is} 37. Rxd3 d4 38. Rd1 g6 $18)
37... f4 38. Rxd3 fxg3 39.
Rxg3 g6 (39... Qf7 {might work better.} 40.
Qe2 h6) 40. Qf3 d4 $2 (40... Qf7 41. h5 Qxf3
42. Rxf3 Kg7) 41. Rg4 d3 {[%emt 0:33:35] ...d2 is the strong
threat.} 42. Rf4 $2 ({White should try} 42. Rg5 $18) 42... Qd6 43. Rf6 Qd8 {[%emt 0:00:00] White must now
prevent ...d2.} 44. Rxb6 $1 Qxb6 45. Qxd3 {
[%emt 0:00:00] KQ-KQ} Qc6 46. Qd8+ Kf7 47. Qg5 Qc4 48. h5 Qd3 49. Qf4+ Ke6 50.
h6 Qf5 51. Qe3+ Kf6 {
[%emt 0:00:00] Strongly threatening ...Qg5+.} 52. f4 {[%emt 0:00:54] Prevents
Qg5+.} Qd5 53. Qc3+ Kf5 54.
Qg7 $2 (54. Kf2 $11) 54... Qd1+ $2 ({Worse is
} 54... Kxf4 55. Qxh7 Qd4+ 56. Kg2 $11) (54... Kg4 $1 $19 {( -> ...Qd1+)} 55.
f5 (55. Qxh7 {is a self mate.} Qd1+ 56. Kf2 Qd2+ 57. Kg1 Qe1+ 58. Kg2 Qe2+ 59.
Kg1 Kh3 60. Qd7+ Kg3) 55... g5) 55. Kg2 $2 (55. Kf2 $1 $11 {
and White is okay.} Qd2+ 56. Kg1) 55... Qe2+ 56. Kg1 {[%emt 0:
00:11] [#]} (56. Kh3 $142) 56... Kg4 $1 $19 57. Qxh7 $2 {
[%emt 0:00:48] [#]} (57. Qc3 $19) 57... Kh3 $1 {[%emt 0:00:00][%cal Re2e1]
Black mates.} 58. Qd7+ Kg3 59.
Qd4 Qg2# {[%emt 0:00:00] A wild game. Weighted Error Value:
White=0.46/Black=0.34} 0-1

[Event "44th Chess Olympiad Women 2022"]
[Site "Chennai"]
[Date "2022.08.03"]
[Round "6.31"]
[White "Hughes, Rhian"]
[Black "Khamdamova, Afruza"]
[Result "0-1"]
[WhiteElo "1843"]
[BlackElo "1969"]
[Annotator "NA RC"]
[PlyCount "104"]
[EventDate "2022.??.??"]
[TimeControl "60"]

1. c4 Nf6 2. Nc3 e5 3. g3 Bb4 4. Bg2 O-O 5. e4 Nc6 6. Nge2 Bc5 7. h3 d6 8. O-O Be6 9. d3 Nd4 10. Be3 c6 11. Rb1 d5 12. cxd5 cxd5 13.
Na4 Nxe2+ 14. Qxe2 Bxe3 15. Qxe3 d4 16. Qg5 Qa5 17. b3 h6 18.
Qc1 Rfc8 19. Qd1 b5 20. Nc5 Qxa2 21. Nxe6 fxe6 22. h4 Qc2 23. Bh3 Kf7 24. Qf3 Rc3 25. Rfd1 Rac8 26. Ra1 R8c7 27. b4 Qb2 28. Ra6 Re7 29. g4 g5 30. hxg5 hxg5 31. Bf1 Rc1 32. Rxc1 Qxc1 33. Ra5 Rb7 34. Qg3 Qf4 35. Qxf4 exf4 36. f3 Nd7 37. Be2 Ne5 38. Ra2 Nc6 39. Rb2 Rb6 40. Kf2 Ra6 41. Bd1 Ra3 42. Ke2 Ke7 43. Bc2 Kd6 44. Bd1 Ne5 45. Bc2 Rc3 46. Bb1 Rc1 47. Kf2 Rh1 48. Kg2 Rd1 49. Kf2 Rxd3 50. Ke2 Re3+ 51. Kf2 Rxf3+ 52. Kg2 Rg3+ 0-1

[Event "44th Chess Olympiad Women 2022"]
[Site "Chennai"]
[Date "2022.08.03"]
[Round "6.31"]
[White "Malikova, Marjona"]
[Black "Reid, Caitlin"]
[Result "1-0"]
[WhiteElo "1756"]
[BlackElo "1437"]
[Annotator "NA RC"]
[PlyCount "53"]
[EventDate "2022.??.??"]
[TimeControl "60"]

1. d4 d5 2. c4 c6 3. cxd5 cxd5 4. Bf4 Nc6 5. e3 Nf6 6. Nc3 h6 7. Be2 a6 8. h3 Ne4 9. Nf3 e6 10. Nxe4 dxe4 11. Nd2 Qa5 12. O-O f5 13. Nc4 Qd8 14. Bh5+ Ke7 15. Bd6+ Kf6 16. Be5+ Ke7 17. Nd6 Rg8 18. Bf7 Rh8 19. Bg6 Nxe5 20. dxe5 Qb6 21. Qh5 Kd7 22. Rac1 Bxd6 23. Rfd1 Rf8 24. Rxd6+ Qxd6 25. exd6 Kxd6 26.
Qd1+ Ke5 27. Qd4# 1-0

[Event "44th Chess Olympiad Women 2022"]
[Site "Chennai"]
[Date "2022.08.03"]
[Round "6.32"]
[White "Fawaz, Nadia"]
[Black "Ni Mhuireagain, Eibhia"]
[Result "*"]
[WhiteElo "1214"]
[BlackElo "1638"]
[Annotator "NA RC"]
[PlyCount "86"]
[EventDate "2022.??.??"]
[TimeControl "60"]

1. d4 d5 2. Nf3 Nf6 3. Bf4 c5 4. c3 Nc6 5. e3 Qb6 6. Qb3 c4 7. Qxb6 axb6 8. Nbd2 b5 9. Be2 Bf5 10. O-O e6 11. Ne5 Nxe5 12. dxe5 Nd7 13. Nf3 Bg4 14. Nd4 Bxe2 15. Nxe2 b4 16. b3 Rc8 17. cxb4 cxb3 18. axb3 Bxb4 19. Ra7 Rb8 20. Rc1 Bc5 21. Ra2 O-O 22. Rac2 Bb6 23.
Nc3 Nc5 24. Na4 Nxa4 25. bxa4 Ra8 26. Rb2 Ra6 27. Rcb1 Bc5 28. Rxb7 Rxa4 29. h3 Ra7 30. Rxa7 Bxa7 31. Bg5 Rb8 32. Rxb8+ Bxb8 33. f4 Ba7 34. Kf2 h6 35. Be7 Kh7 36. Kf3 h5 37. Bb4 Bb6 38. Bc3 Kh6 39. g4 hxg4+ 40. hxg4 g6 41. Bd4 Bd8 42. e4 dxe4+ 43. Kxe4 Be7 *

[Event "44th Chess Olympiad Women 2022"]
[Site "Chennai"]
[Date "2022.08.03"]
[Round "6.32"]
[White "Grishina, Alexandra"]
[Black "O`Gorman, Alice"]
[Result "0-1"]
[WhiteElo "2012"]
[BlackElo "2043"]
[Annotator "NA RC"]
[PlyCount "98"]
[EventDate "2022.??.??"]
[TimeControl "60"]

1. d4 d5 2. c4 e6 3. Nf3 c6 4. Qd3 dxc4 5. Qxc4 Nf6 6. Nc3 b5 7. Qb3 Bb7 8. g3 Nbd7 9. Bg2 b4 10. Na4 c5 11. Nxc5 Nxc5 12. dxc5 Bxc5 13. Qa4+ Qd7 14. Qxd7+ Nxd7 15. Bf4 e5 16. Bd2 O-O 17. O-O h6 18.
Rfd1 e4 19. Nh4 Nf6 20. Rac1 Bb6 21. Bxb4 Rfe8 22. Nf5 Ba6 23. Nd6 Re6 24. e3 Rd8 25. Nf5 Nd5 26. Rxd5 Rxd5 27. Ne7+ Rxe7 28. Bxe7 f5 29. h4 Rd2 30. Ba3 g5 31. hxg5 hxg5 32. Rc6 Kf7 33. Rc1 Bd3 34. Bf1 f4 35. gxf4 gxf4 36. Bxd3 exd3 37. Bc5 Rc2 38. Rd1 Bxc5 39. Rxd3 fxe3 40. fxe3 Rxb2 41. a3 Re2 42. Rd5 Bxe3+ 43. Kf1 Ra2 44. Ra5 Ke6 45. a4 Bb6 46. Rh5 Rxa4 47. Ke2 Rd4 48. Ke1 Kd6 49. Ke2 Rd5 0-1

[Event "44th Chess Olympiad Women 2022"]
[Site "Chennai"]
[Date "2022.08.03"]
[Round "6.32"]
[White "Kanyamarala, Trisha"]
[Black "Mouradian, Knarik"]
[Result "1/2-1/2"]
[WhiteElo "2270"]
[BlackElo "2121"]
[Annotator "TA"]
[PlyCount "53"]
[EventDate "2022.??.??"]
[TimeControl "60"]

1. d4 d5 2. c4 c6 3. Nf3 Nf6 4. Qb3 e6 5. Bg5 dxc4 6.
Qxc4 Qa5+ {[%emt 0:06:33] D30: Queen's Gambit Declined:
Systems without Nc3.} 7. Bd2 Qc7 8. Nc3 Nbd7 {[%emt 0:01:23] White is slightly better.} 9. e4 {[%emt 0:
00:00] [#]} Be7 $146 ({Predecessor:} 9... a6 10. e5 b5 11. Qb3
b4 12. Na4 Nd5 13. Rc1 Be7 14. Bd3 a5 15. O-O Ba6 16. Bxa6 Rxa6 {0-1 (62)
Vidit,S (2703)-Shankland,S (2713) Biel 2019}) 10. Bd3 (10. e5
$14 Nb6 11. Qd3 (11. Nb5 Qd8 $15)) 10... e5 $1 $11 11. dxe5 Nxe5 12. Nxe5 Qxe5 (12... Be6 {with more complications.} 13. Nb5 Qxe5 14. Qd4 Ng4) 13. Qb3 (13. f4 $11 Qa5 14. Qb3) 13... O-O $1 $15 14.
Qc2 $1 Bc5 (14... Rd8 $15) 15. h3 (15. f3 $1 $11) 15... Rd8 $17 16. Be2 Nh5 {[%emt 0:05:36] Prevents f4.} 17. O-O-O (17. Bxh5 $142
Qxh5 18. Ne2) 17... Be6 (17... Bxf2 $17 {...Ng3 is the strong
threat.} 18. Rhf1 Bb6) 18. Bxh5 $11 Qxh5 19.
g4 Qh4 20. f4 Bd4 (20... b6 $17 {Threatening ...Bc4.} 21. Na4 Bd4) 21. Kb1 Bc4 22. Be1 {[%emt 0:04:22] Inhibits Qg3.} Qe7 ({Black should play} 22... Qh6 $15 23. b3 Ba6) 23. e5 Bd5 24. Rf1 Bc4 {[%emt 0:02:02] A strong
pair of Bishops.} (24... Bxc3 $5 25. Bxc3 a5 $11) 25. Rh1 Bd5 26. Rf1 Bc4 (26... Bxc3 $5
27. Bxc3 a5 $11) 27. Rh1 {[%emt 0:07:11] Weighted Error Value: White=0.25 
(precise) /Black=0.28 (precise)} 1/2-1/2